 Dungeon Crawl Stone Soup version 0.31-a0-204-g7da18cac08 (webtiles) character file.

Game seed: 3378213259139353692

86 qw the Shooter (level 4, -1/25 HPs)
             Began as a Deep Elf Hunter on June 27, 2023.
             Slain by a goblin
             ... wielding a +0 club
             ... led by Robin
              (3 damage)
             ... on level 3 of the Dungeon.
             The game lasted 00:00:44 (2251 turns).

qw the Shooter (Deep Elf Hunter)                    Turns: 2251, Time: 00:00:45

Health: -1/25      AC:  6    Str: 10    XL:     4   Next: 26%
Magic:  6/6        EV:  9    Int: 14    God:
Gold:   137        SH:  0    Dex: 18    Spells: 3/3 levels left

rFire   . . .        Y - +0 shortbow
rCold   . . .        (shield currently unavailable)
rNeg    . . .        h - +0 scale mail
rPois   .            (no helmet)
rElec   .            (no cloak)
rCorr   .            (no gloves)
SInv    .            (no boots)
Will    .....        d - amulet of the acrobat
Stlth   +            (no ring)
HPRegen 0.24/turn    (no ring)
MPRegen 0.10/turn

%: acrobat
@: no status effects
A: no striking features
a: no special abilities


You were on level 3 of the Dungeon.
You visited 1 branch of the dungeon, and saw 3 of its levels.

You collected 193 gold pieces.
You spent 56 gold pieces at shops.


   Skills:
 - Level 1.5 Fighting
 + Level 7.7 Ranged Weapons
 - Level 2.4 Dodging
 - Level 1.2 Stealth


You had 3 spell levels left.
You didn't know any spells.
Your spell library was empty.

Inventory:

Hand Weapons
 Y - a +0 shortbow (weapon)
Armour
 c - a +0 ring mail
 h - a +0 scale mail (worn)
Jewellery
 d - an amulet of the acrobat (around neck)
Scrolls
 b - a scroll of revelation {unknown}
 m - 4 scrolls of identify
Potions
 a - 2 potions of might {unknown}
 e - a potion of cancellation
 f - a potion of degeneration {unknown}
 g - a potion of haste {unknown}
 i - a potion of enlightenment {unknown}
 j - a potion of attraction {unknown}
 n - a potion of lignification {unknown}

Dungeon Overview and Level Annotations

Branches:
Dungeon (3/15)

Altars:
Elyvilon

Shops:
D:1 *

Annotations:
D:3 Robin


Message History

You shoot an arrow. The arrow hits the goblin.
You kill the goblin!
Robin roars a battlecry!
The goblin goes into a battle-frenzy!
A goblin comes into view. It is wielding a +0 dagger.
You shoot an arrow. The arrow hits Robin.
Robin is moderately wounded.
You shoot an arrow. The arrow barely misses Robin.
A goblin comes into view. It is wielding a +0 club.
Robin throws the goblin at you! The goblin hits you but does no damage.
You shoot an arrow.
The arrow hits the goblin but does no damage.
The goblin hits you but does no damage. x2
You shoot an arrow. The arrow closely misses Robin.
Robin hits you with a +0 mace. The goblin hits you with a +0 club.
You shoot an arrow. The arrow hits Robin.
Robin is heavily wounded.
Robin hits you with a +0 mace. The goblin closely misses you.
You shoot an arrow. The arrow closely misses Robin.
Robin says, "Kneel, worm!"
Robin hits you with a +0 mace. The goblin hits you with a +0 club.
Robin hits you but does no damage. The goblin hits you with a +0 club.
You shoot an arrow. The arrow hits Robin.
Robin is almost dead.
Robin hits you with a +0 mace. The goblin hits you but does no damage.
2248 ||| DRINKING potion of heal wounds.
You feel much better. Robin hits you with a +0 mace.
The goblin barely misses you.
You shoot an arrow. The arrow barely misses Robin.
Robin hits you with a +0 mace. The goblin hits you with a +0 club.
You shoot an arrow.
The arrow hits Robin but does no damage.
Robin is almost dead.
Robin hits you with a +0 mace. The goblin barely misses you.
Robin hits you with a +0 mace. The goblin hits you with a +0 club.
You shoot an arrow.
The arrow hits Robin but does no damage.
Robin is almost dead.
Robin hits you with a +0 mace. The goblin hits you with a +0 club.
You die...

#. #.## #... #..#
#..# ######gg# #
..).).gg# .#
#@#####.#
##########.......#
........###.....##
#######%.........#
#.###......# #.#
#.###..#### #.#
#.# #.....## #.#
#.###......######
#.#
##....#.....%..>.


You could see Robin and 3 goblins.

Vanquished Creatures
  2 adders (D:2)
  3 worms
  A dart slug (D:3)
  5 ball pythons
  4 bats
  4 endoplasms
  8 goblins
  4 hobgoblins
  8 jackals
  A quokka (D:3)
  2 frilled lizards (D:3)
  6 kobolds
  5 rats
53 creatures vanquished.

Notes
Turn   | Place    | Note
-------+----------+-------------------------------------------
     0 | D:1      | qw the Deep Elf Hunter began the quest for the Orb.
     0 | D:1      | Reached XP level 1. HP: 12/12 MP: 3/3
     0 | D:1      | 0 ||| qw: Version: 0.3-a-22-g0ed2b0b
     0 | D:1      | 0 ||| qw: Game counter: 6535
     0 | D:1      | 0 ||| qw: Melee chars always use a shield: true
     0 | D:1      | 0 ||| qw: God list: Okawaru
     0 | D:1      | 0 ||| qw: Allow faded altars: false
     0 | D:1      | 0 ||| qw: Do Orc after clearing Dungeon:15 true
     0 | D:1      | 0 ||| qw: Do second Lair branch before Depths: true
     0 | D:1      | 0 ||| qw: Lair rune preference: random
     0 | D:1      | 0 ||| qw: Goals: Normal
     0 | D:1      | 0 ||| PLANNING D:1-11
   322 | D:1      | Reached skill level 6 in Ranged Weapons
   322 | D:1      | Reached XP level 2. HP: 16/16 MP: 4/4
   731 | D:1      | Found Lennoutea's General Store.
   737 | D:1      | 737 ||| BUYING +0 scale mail (56 gold).
   737 | D:1      | Bought a +0 scale mail for 56 gold pieces
   737 | D:1      | 737 ||| SHOPLISTING +1 pair of boots (161 gold, have 5).
   737 | D:1      | 737 ||| SHOPLISTING ring of fire (350 gold, have 5).
   737 | D:1      | 737 ||| SHOPLISTING scroll of enchant weapon (105 gold,
                  | have 5).
   737 | D:1      | 737 ||| SHOPLISTING scroll of identify (28 gold, have 5).
   737 | D:1      | 737 ||| SHOPLISTING scroll of teleportation (42 gold, have
                  | 5).
   814 | D:1      | 814 ||| UPGRADING to +0 scale mail.
   824 | D:1      | 824 ||| DROPPING +0 leather armour.
   825 | D:1      | 825 ||| UPGRADING to amulet of the acrobat.
   830 | D:1      | 830 ||| READING scroll labelled MACKIU FOLEO.
   831 | D:1      | 831 ||| DROPPING scroll of butterflies.
   859 | D:2      | Reached XP level 3. HP: 16/20 MP: 5/5
  1427 | D:2      | Reached skill level 7 in Ranged Weapons
  1693 | D:2      | Found a white marble altar of Elyvilon.
  1762 | D:2      | 1762 ||| DROPPING amulet of magic regeneration.
  1763 | D:2      | 1763 ||| READING scroll labelled ZAYJEH LEOLOF.
  1764 | D:2      | 1764 ||| READING scroll labelled DUSTRE ZUEDA.
  1768 | D:2      | 1768 ||| READING scroll labelled UFFUWE NODIRA.
  1769 | D:2      | 1769 ||| READING scroll labelled VESO XONYM ZYPT.
  1804 | D:2      | 1804 ||| READING scroll labelled DEBRUF CEPI.
  1805 | D:2      | 1805 ||| DRINKING 2 grey potions.
  1806 | D:2      | 1806 ||| READING 2 scrolls of identify.
  1806 | D:2      | 1806 ||| IDENTIFYING orange potion
  2012 | D:3      | Reached XP level 4. HP: 25/25 MP: 6/6
  2237 | D:3      | Noticed Robin
  2247 | D:3      | HP: 4/25 [Robin/+0 mace (5)]
  2248 | D:3      | 2248 ||| DRINKING potion of heal wounds.
  2251 | D:3      | Slain by a goblin

Levels and vault maps discovered:
D:1:      amcnicky_arrival_double_pillar, layout_basic, serial_shops,
          nicolae_shop_advertising_works [nicolae_subvault_shop_adworks]
D:2:      layout_basic, basic_altar
D:3:      layout_loops_ring, uniq_robin

Skill      XL: |  1  2  3 |
---------------+----------+-----
Ranged Weapons | 6 7 |  7.7
Fighting       | |  1.5
Dodging        | |  2.4
Stealth        | |  1.2

Action                     |  1- 3 |  4- 6 || total
---------------------------+-------+-------++-------
   Fire: Shortbow          |   119 |    52 ||   171
    Use: Scroll            |     7 |       ||     7
         Potion            |     1 |     1 ||     2
 Armour: Leather armour    |     5 |       ||     5
         Scale mail        |    15 |     9 ||    24
  Dodge: Dodged            |    20 |    14 ||    34

Table legend:
 A = Non-vault XP
 B = Vault XP
 C = Vault XP percentage of total XP
 D = Non-vault monster count
 E = Vault monster count
 F = Vault count percentage of total count
                 A         B        C        D         E       F
            +---------+---------+-------+---------+---------+-------
      Total |     117 |       6 |   4.9 |      50 |       3 |   5.7
            +---------+---------+-------+---------+---------+-------
        D:1 |      34 |       0 |   0.0 |      21 |       0 |   0.0
        D:2 |      46 |       0 |   0.0 |      13 |       0 |   0.0
        D:3 |      37 |       6 |  14.0 |      16 |       3 |  15.8
            +---------+---------+-------+---------+---------+-------
